 Dungeon Crawl Stone Soup version 0.28.0-1-gb440e238dd (webtiles) character file.

Game seed: 1477196923950248632

118 Strat the Cudgeller (level 5, -4/31 HPs)
             Began as an Octopode Wanderer on Feb 22, 2022.
             Killed from afar by Sigmund (9 damage)
             ... with a puff of flame
             ... on level 3 of the Dungeon.
             The game lasted 00:05:06 (3112 turns).

Strat the Cudgeller (Octopode Wanderer)             Turns: 3112, Time: 00:05:07

Health: -4/31      AC:  1    Str: 12 (13) XL:     5   Next: 2%
Magic:  6/6        EV: 12    Int: 13 (15) God:
Gold:   166        SH:  4    Dex:  8 (11) Spells: 5/6 levels left

rFire   . . .      SeeInvis .   a - +2 mace
rCold   . . .      Faith    .   b - +0 buckler
rNeg    . . .      Spirit   .   (helmet restricted)
rPois   .          Reflect  .   (no amulet)
rElec   .          Harm     .   (no ring)
rCorr   .          Rampage  .   (no ring)
Will    .....                   (no ring)
Stlth   ++........              (no ring)
HPRegen 0.10/turn               (no ring)
MPRegen 0.10/turn               (no ring)
                                (no ring)
                                (no ring)

@: no status effects
A: almost no armour, amphibious, 8 rings, camouflage 1, gelatinous body 1,
(nimble swimmer 1), tentacles
a: no special abilities


You were on level 3 of the Dungeon.
You visited 1 branch of the dungeon, and saw 4 of its levels.

You collected 166 gold pieces.

Inventory:

Hand Weapons
 a - a +2 mace (weapon)
Missiles
 d - 92 stones
 f - 23 sling bullets
Armour
 b - a +0 buckler (worn)
Jewellery
 i - a +4 ring of evasion
Scrolls
 g - a scroll of summoning {unknown}
 j - a scroll of enchant weapon {unknown}
 k - a scroll of identify {unknown}
 m - a scroll of noise {unknown}
 o - a scroll of teleportation {unknown}
 q - a scroll of vulnerability {unknown}
 r - a scroll of fear {unknown}
Potions
 l - a potion of haste {unknown}
 n - a potion of attraction {unknown}
 p - a potion of might {unknown}


   Skills:
 * Level 4.8 Maces & Flails
 - Level 1.0 Dodging
 + Level 2.6 Shields
 - Level 1.0 Spellcasting
 - Level 4.0 Air Magic


You had 5 spell levels left.
You knew the following spells:

 Your Spells              Type           Power      Damage    Failure   Level
a - Shock                 Conj/Air       20%        1d4       16%         1

Your spell library contained the following spells:

 Spells                   Type           Power      Damage    Failure   Level
 Swiftness                Air            11%        N/A       22%         3
 Dazzling Flash           Conj/Hex       0%         N/A       73%         3
 Silence                  Hex/Air        2%         N/A       99%         5
 Agony                    Necr           0%         N/A       100%        5


Dungeon Overview and Level Annotations

Branches:
Dungeon (4/15)
 Temple: D:4-7

Altars:

Shops:
D:2 (

Annotations:
D:3 Sigmund


Innate Abilities, Weirdness & Mutations

You cannot wear most types of armour.
You are amphibious.
You can wear up to eight rings at the same time.
Your skin changes colour to match your surroundings (Stealth+).
Your rubbery body absorbs attacks. (AC +1, EV +1)
((You are camouflaged when in or above water. (Stealth+)))
You have tentacles for arms and can constrict up to eight enemies at once.


Message History

The puff of flame hits you.
You miss Sigmund.
Sigmund is lightly wounded.
Sigmund closely misses you.
You bump into the rock wall.
Sigmund points at you and mumbles some strange words.
You are more confused.
You're too confused to move!
Sigmund barely misses you.
You closely miss Sigmund.
Your tentacle-slap misses Sigmund.
Your squeeze misses Sigmund.
Sigmund is lightly wounded.
You hit Sigmund. Your squeeze misses Sigmund.
Sigmund is moderately wounded.
Sigmund hits you but does no damage.
You miss Sigmund.
Sigmund is moderately wounded.
Sigmund barely misses you.
You completely miss Sigmund.
Sigmund is moderately wounded.
Sigmund says, "I'm your fate." Sigmund hits you with a +0 scythe!
* * * LOW HITPOINT WARNING * * *
You bump into the rock wall.
You miss Sigmund.
Sigmund is moderately wounded.
Sigmund closely misses you.
You miss Sigmund. You squeeze Sigmund.
Sigmund is moderately wounded.
You feel less confused. Sigmund hits you with a +0 scythe!
* * * LOW HITPOINT WARNING * * *
You hit Sigmund. Your grab misses Sigmund.
Sigmund is heavily wounded.
You block Sigmund's attack.
You hit Sigmund. You grab Sigmund.
Sigmund is heavily wounded.
You constrict Sigmund.
Sigmund points at you and mumbles some strange words.
The puff of flame hits you!
You die...

#......##############
#.####..............#
########.####.#####..#####.#
#...........#.# #..# #.######
#.######.#....#####..### #.##....
#.# #......##.......# #.##.#..
#.# ###.......##..#.###.##.##.
#.# ##.#.#####........##.##. #.#
#.#...@@...#.######.##. #.##
#.##########.# #.... #..# ##+##
#######@### ##... ##)#
##...###.........# #... ##.#
##.....##.#####.#.# #... #..#
##.......#.##......# #...
...####..........##....>.#######.
......'........................##
...####..........##......#######.


You could see Sigmund.

Vanquished Creatures
  Terence (D:2)
  Natasha (D:2)
  3 adders (D:2)
  A worm (D:3)
  A dart slug (D:2)
  5 endoplasms
  2 giant cockroaches (D:1)
  3 goblins
  3 hobgoblins
  5 kobolds
  2 quokkas (D:2)
  5 bats (D:2)
  2 frilled lizards (D:2)
  3 rats
37 creatures vanquished.

Notes
Turn   | Place    | Note
-------+----------+-------------------------------------------
     0 | D:1      | Strat the Octopode Wanderer began the quest for the Orb.
     0 | D:1      | Strat set off with the following items: a +2 mace, a +0
                  | buckler; and the following spell memorised: Shock; and the
                  | following spells available to memorise: Swiftness
     0 | D:1      | Reached XP level 1. HP: 11/11 MP: 2/2
   250 | D:1      | Reached XP level 2. HP: 16/17 MP: 3/3
   712 | D:2      | Found Jumiefre's Weapon Shop.
   972 | D:2      | Noticed Terence
  1396 | D:2      | Reached XP level 3. HP: 8/21 MP: 0/4
  1943 | D:2      | Found a faded altar of an unknown god.
  1967 | D:2      | Killed Terence
  1968 | D:2      | Reached XP level 4. HP: 18/27 MP: 0/5
  2082 | D:2      | Noticed Natasha
  2301 | D:2      | Killed Natasha
  2675 | D:3      | Reached XP level 5. HP: 31/31 MP: 6/6
  2888 | D:3      | Noticed Sigmund
  3112 | D:3      | Killed from afar by Sigmund

Illustrated notes

Levels and vault maps discovered:
D:1:      eino_arrival_water_cross, layout_loops_cross, minmay_misc_feat_rugged
D:2:      minmay_recursive_quarters, layout_basic, serial_shops,
          nicolae_shop_bloodbath_and_beyond, hellmonk_ecumenical_altar_lost_god,
          uniq_natasha, uniq_terence
D:3:      layout_loops_corners, lemuel_crystal_altar, kennysheep_generic_room_4,
          uniq_sigmund
D:4:      gammafunk_wand_slinger, layout_cave_pools, ebering_ghost_sewer_f,
          minmay_puff

Skill      XL: |  1  2  3 |
---------------+----------+-----
Maces & Flails | 4 |  4.8
Shields        | 2 |  2.6
Dodging        | |  1.0
Spellcasting   | |  1.0
Air Magic      | |  4.0

Action                   |  1- 3 |  4- 6 || total
-------------------------+-------+-------++-------
Melee: Mace              |    51 |    21 ||    72
       Constrict         |     9 |     3 ||    12
       Tentacles         |     7 |     4 ||    11
 Cast: Shock             |    19 |     4 ||    23
  Use: Potion            |       |     3 ||     3
 Stab: Sleeping          |     2 |       ||     2
       Distracted        |       |     1 ||     1
Armor: Skin              |     9 |     1 ||    10
Dodge: Dodged            |    28 |    11 ||    39
Block: Buckler           |     6 |     2 ||     8
